[Event "GER-ch Youth U10 2020"]
[Site "Willingen"]
[Date "2020.10.28"]
[Round "3.9"]
[White "Malinowsky, Levi"]
[Black "Barthel, Jacob"]
[Result "1-0"]
[ECO "C68"]
[WhiteElo "1606"]
[BlackElo "1231"]
[Annotator "NA"]
[PlyCount "59"]
[EventDate "2020.10.27"]
[EventType "swiss"]
[EventRounds "7"]
[EventCountry "GER"]
[SourceTitle "playchess.com"]
[Source "ChessBase"]
[SourceQuality "1"]
[TimeControl "40/4500+30:900+30"]

1. e4 e5 2. Nf3 Nc6 3. Bb5 a6 4. Bxc6 dxc6 5. O-O Bd6 6. d4 Bg4 7. dxe5 Bxf3 8. Qxf3 Bxe5 9. Nc3 Nf6 10. Bg5 h6 11. Bh4 Qd6 12. h3 g5 13. Bg3 O-O-O 14. Qf5+ Nd7 15. Rad1 Qe7 16. Bxe5 Qxe5 17. Rxd7 Qg7 18. Rxf7+ Kb8 19. Rxg7 Rhf8 20. Qh7 Rc8 21. Rd1 g4 22. Rdd7 gxh3 23. gxh3 Ka7 24. Rxc7 Kb6 25. Rxb7+ Kc5 26. Qxh6 Rxf2 27. Kxf2 Rf8+ 28. Ke3 Rd8 29. Rg5+ Kc4 30. Qxc6# 1-0

[Event "GER-ch Youth U10 2020"]
[Site "Willingen"]
[Date "2020.10.28"]
[Round "3.10"]
[White "Rosenkranz, Lennard"]
[Black "Middendorf, Sven-Jonas"]
[Result "1-0"]
[ECO "C50"]
[WhiteElo "1467"]
[BlackElo "1355"]
[Annotator "NA"]
[PlyCount "121"]
[EventDate "2020.10.27"]
[EventType "swiss"]
[EventRounds "7"]
[EventCountry "GER"]
[SourceTitle "playchess.com"]
[Source "ChessBase"]
[SourceQuality "1"]
[TimeControl "40/4500+30:900+30"]

1. e4 e5 2. Nf3 Nc6 3. Bc4 Bc5 4. O-O Nf6 5. d4 Bxd4 6. Nxd4 Nxd4 7. Bg5 h6 8. Bh4 d6 9. f4 Be6 10. fxe5 dxe5 11. Bd3 g5 12. Bg3 Bg4 13. Qd2 Nc6 14. Qc3 Qe7 15. Bb5 O-O 16. Bxc6 bxc6 17. Qxc6 Qe6 18. Rxf6 Qxc6 19. Rxc6 f5 20. exf5 Rxf5 21. Na3 Raf8 22. Nc4 Be2 23. Ne3 R5f7 24. Bxe5 Re8 25. Bd4 Rd7 26. Nf5 Rf8 27. Rg6+ Kh7 28. Rxh6+ Kg8 29. Rh8+ Kf7 30. Rxf8+ Kxf8 31. Re1 Bg4 32. Bc5+ Kg8 33. Nh6+ Kg7 34. Nxg4 Rd2 35. c4 Rc2 36. Bd4+ Kg6 37. h3 Kh7 38. Re6 Rc1+ 39. Kh2 Rf1 40. Rh6+ Kg8 41. Rh8+ Kf7 42. Ne5+ Ke7 43. Rg8 Kd6 44. Rxg5 c5 45. Rg6+ Kc7 46. Bxc5 Kb7 47. h4 Rf5 48. Rg5 Rf6 49. Rg7+ Kc8 50. Kh3 Rh6 51. Kg4 Kb8 52. Kg5 Rh8 53. Rf7 Re8 54. Rf8 Kb7 55. Rxe8 Ka6 56. h5 Ka5 57. h6 Ka4 58. Bxa7 Ka5 59. h7 Ka6 60. h8=Q Ka5 61. Qf6 1-0

[Event "GER-ch Youth U10 2020"]
[Site "Willingen"]
[Date "2020.10.28"]
[Round "3.11"]
[White "Geist, Tim"]
[Black "Marcziter, Alex"]
[Result "0-1"]
[ECO "D02"]
[WhiteElo "1578"]
[BlackElo "1401"]
[Annotator "NA"]
[PlyCount "84"]
[EventDate "2020.10.27"]
[EventType "swiss"]
[EventRounds "7"]
[EventCountry "GER"]
[SourceTitle "playchess.com"]
[Source "ChessBase"]
[SourceQuality "1"]
[TimeControl "40/4500+30:900+30"]

1. d4 d5 2. Nf3 c6 3. e3 e6 4. Bd3 f5 5. O-O Nf6 6. b3 Bd6 7. Bb2 O-O 8. Nbd2 Ne4 9. c4 Nd7 10. Rc1 Qe7 11. c5 Bc7 12. b4 Ndf6 13. Ne5 Nd7 14. Ndf3 g5 15. Nxd7 Bxd7 16. Ne5 Be8 17. a4 Kh8 18. b5 Rg8 19. f3 Nf6 20. Qd2 Qg7 21. e4 f4 22. exd5 exd5 23. Bf5 Rd8 24. Be6 Rf8 25. Rfe1 cxb5 26. axb5 Bxb5 27. c6 bxc6 28. Nxc6 Bxc6 29. Rxc6 Bb6 30. Bf5 Rfe8 31. Ree6 Rxe6 32. Bxe6 Qe7 33. Qd3 Qb4 34. Bc3 Qa4 35. Rc8 Rxc8 36. Bxc8 Qe8 37. Ba6 Qe6 38. h3 Nh5 39. Qe2 Qxe2 40. Bxe2 Ng3 41. Bb5 Kg7 42. Bc6 Ne2+ 0-1

[Event "GER-ch Youth U10 2020"]
[Site "Willingen"]
[Date "2020.10.28"]
[Round "3.12"]
[White "Aniol, Nico"]
[Black "Laux, Filip"]
[Result "1-0"]
[ECO "B10"]
[WhiteElo "1417"]
[BlackElo "1198"]
[Annotator "NA"]
[PlyCount "89"]
[EventDate "2020.10.27"]
[EventType "swiss"]
[EventRounds "7"]
[EventCountry "GER"]
[SourceTitle "playchess.com"]
[Source "ChessBase"]
[SourceQuality "1"]
[TimeControl "40/4500+30:900+30"]

1. e4 c6 2. c4 e5 3. Nc3 Nf6 4. Nf3 d6 5. d3 g6 6. Bg5 Bg7 7. Be2 O-O 8. O-O Nbd7 9. Qd2 a6 10. a4 Re8 11. b4 a5 12. b5 Nc5 13. Rab1 Qc7 14. h3 Bd7 15. Be3 Ne6 16. Nh2 Nd4 17. f4 Nxe2+ 18. Nxe2 Qc8 19. fxe5 dxe5 20. Ng3 c5 21. Bg5 Qd8 22. Qf2 Re6 23. Qxc5 b6 24. Qf2 h6 25. Be3 Bc8 26. Rbd1 Rb8 27. Qd2 Bb7 28. Nf3 h5 29. Kh1 Rd6 30. Qe2 Re6 31. Qc2 Rc8 32. Qb3 Qc7 33. Rc1 Nd7 34. Ng5 Re7 35. Rxf7 Rxf7 36. Nxf7 Kxf7 37. c5+ Kf8 38. c6 Bxc6 39. Rxc6 Qd8 40. Qd5 Rb8 41. Qd6+ Kg8 42. Qxg6 Nf6 43. Nf5 Qf8 44. Nxg7 Qxg7 45. Rxf6 1-0

[Event "GER-ch Youth U10 2020"]
[Site "Willingen"]
[Date "2020.10.28"]
[Round "3.13"]
[White "Goldkuhle, Collin"]
[Black "Kullmann, Theo"]
[Result "0-1"]
[ECO "C60"]
[WhiteElo "1418"]
[BlackElo "1632"]
[Annotator "NA"]
[PlyCount "120"]
[EventDate "2020.10.27"]
[EventType "swiss"]
[EventRounds "7"]
[EventCountry "GER"]
[SourceTitle "playchess.com"]
[Source "ChessBase"]
[SourceQuality "1"]
[TimeControl "40/4500+30:900+30"]

1. e4 e5 2. Nf3 Nc6 3. Bb5 Nge7 4. O-O a6 5. Ba4 g6 6. c3 Bg7 7. h3 b5 8. Bc2 O-O 9. d4 d6 10. Be3 f5 11. Bg5 Qe8 12. a4 Bb7 13. Nbd2 h6 14. Bxe7 Qxe7 15. Qe2 exd4 16. cxd4 Bxd4 17. axb5 Ne5 18. Nxd4 axb5 19. Rxa8 Bxa8 20. exf5 gxf5 21. Nxf5 Rxf5 22. Bxf5 Nf3+ 23. Qxf3 Bxf3 24. Nxf3 Qf6 25. g4 Qxb2 26. Rb1 Qc3 27. Nh4 Qxh3 28. Ng6 Qc3 29. Kg2 Kf7 30. f3 Qd2+ 31. Kg3 c5 32. Nf4 b4 33. Nd3 Kf6 34. Nf2 d5 35. Rd1 Qa2 36. Re1 c4 37. Re6+ Kg7 38. Rg6+ Kf7 39. Nh3 Qd2 40. Rd6 Ke7 41. Rd7+ Kf6 42. Rd6+ Ke7 43. Rd7+ Ke8 44. Nf4 d4 45. Ng6 Qe1+ 46. Kg2 d3 47. Re7+ Qxe7 48. Nxe7 Kxe7 49. Kf2 b3 50. Ke3 b2 51. Bxd3 cxd3 52. g5 hxg5 53. f4 gxf4+ 54. Ke4 b1=Q 55. Kd4 d2 56. Ke5 d1=Q 57. Kxf4 Qe1 58. Kg4 Qf1 59. Kh5 Qg2 60. Kh6 Qbh1# 0-1

[Event "GER-ch Youth U10 2020"]
[Site "Willingen"]
[Date "2020.10.28"]
[Round "3.14"]
[White "Braun, Julian"]
[Black "Peglau, Paul David"]
[Result "1-0"]
[ECO "C10"]
[WhiteElo "1441"]
[BlackElo "1322"]
[Annotator "NA"]
[PlyCount "63"]
[EventDate "2020.10.27"]
[EventType "swiss"]
[EventRounds "7"]
[EventCountry "GER"]
[SourceTitle "playchess.com"]
[Source "ChessBase"]
[SourceQuality "1"]
[TimeControl "40/4500+30:900+30"]

1. e4 e6 2. d4 d5 3. Nd2 dxe4 4. Nxe4 Bd7 5. Nf3 Bc6 6. Bd3 Nd7 7. O-O Ngf6 8. Re1 Be7 9. Qe2 O-O 10. c4 Nxe4 11. Bxe4 Bxe4 12. Qxe4 c6 13. b3 Bf6 14. Ba3 Re8 15. Rad1 Qc7 16. d5 cxd5 17. cxd5 Bc3 18. Rc1 Nf6 19. Qd3 Nxd5 20. Ng5 g6 21. Qh3 h5 22. Ne4 Bxe1 23. Rxc7 Nxc7 24. Qe3 Ba5 25. Nf6+ Kg7 26. Qe5 Red8 27. Ne4+ Kh7 28. Nf6+ Kg7 29. Ne4+ Kh7 30. Nf6+ Kg7 31. Nd7+ Kh7 32. Bb2 1-0

[Event "GER-ch Youth U10 2020"]
[Site "Willingen"]
[Date "2020.10.28"]
[Round "3.15"]
[White "Kullmann, Max"]
[Black "Wolff, Calvin"]
[Result "1-0"]
[ECO "D31"]
[WhiteElo "1375"]
[BlackElo "1219"]
[Annotator "NA"]
[PlyCount "71"]
[EventDate "2020.10.27"]
[EventType "swiss"]
[EventRounds "7"]
[EventCountry "GER"]
[SourceTitle "playchess.com"]
[Source "ChessBase"]
[SourceQuality "1"]
[TimeControl "40/4500+30:900+30"]

1. d4 d5 2. c4 e6 3. Nc3 Be7 4. Nf3 Nf6 5. e3 b6 6. cxd5 Nxd5 7. Nxd5 Qxd5 8. Qc2 c5 9. dxc5 Bxc5 10. Bd3 Bb7 11. e4 Qd6 12. O-O h6 13. b3 Nc6 14. Qe2 Nb4 15. Bb5+ Bc6 16. Bxc6+ Nxc6 17. Bb2 O-O 18. Rfd1 Qc7 19. Qc2 Rad8 20. Qc3 f6 21. Qc4 Rxd1+ 22. Rxd1 Re8 23. a3 Nb8 24. Rc1 Qf7 25. b4 Bd6 26. e5 Be7 27. Qc7 fxe5 28. Nxe5 Qf5 29. Nf3 Qd5 30. Qg3 Bf8 31. Qc7 Rd8 32. h3 Qd1+ 33. Rxd1 Rxd1+ 34. Ne1 Rxe1+ 35. Kh2 Rd1 36. Qxb8 1-0

[Event "GER-ch Youth U10 2020"]
[Site "Willingen"]
[Date "2020.10.28"]
[Round "3.16"]
[White "Zimmer, Tim"]
[Black "Uyar, Levin"]
[Result "1-0"]
[ECO "C01"]
[WhiteElo "1025"]
[BlackElo "1471"]
[Annotator "NA"]
[PlyCount "112"]
[EventDate "2020.10.27"]
[EventType "swiss"]
[EventRounds "7"]
[EventCountry "GER"]
[SourceTitle "playchess.com"]
[Source "ChessBase"]
[SourceQuality "1"]
[TimeControl "40/4500+30:900+30"]

1. e4 e6 2. d4 d5 3. exd5 exd5 4. Bd3 Nc6 5. Ne2 Nb4 6. O-O Bd6 7. Nbc3 c6 8. Ng3 Nxd3 9. Qxd3 Nf6 10. Re1+ Be6 11. Bg5 Qc7 12. Nf5 O-O-O 13. Nxg7 Bxh2+ 14. Kf1 Qe7 15. Qf3 Ne4 16. Bxe7 Nd2+ 17. Ke2 Nxf3 18. Kxf3 Rd7 19. Bf6 Rf8 20. g3 Bh3 21. Rh1 Rg8 22. Rxh2 Be6 23. Rxh7 Rd6 24. Be5 Rd7 25. Rah1 Rf8 26. Rh8 Rdd8 27. Nxe6 fxe6+ 28. Ke3 Rf7 29. Na4 b6 30. Rxd8+ Kxd8 31. Rh8+ Kd7 32. Ra8 Rf5 33. Rxa7+ Ke8 34. Ra8+ Ke7 35. Nxb6 Rh5 36. Nc8+ Kd7 37. Nd6 Ke7 38. Ra7+ Kf8 39. Bf6 Kg8 40. Ra8+ Kh7 41. Rh8+ Kg6 42. Rxh5 Kxh5 43. a4 Kg6 44. a5 Kxf6 45. a6 Ke7 46. a7 Kxd6 47. a8=Q Kc7 48. b4 Kd7 49. Qb7+ Kd6 50. f4 e5 51. fxe5+ Ke6 52. Qxc6+ Kf5 53. g4+ Kg5 54. Qf6+ Kxg4 55. Qf4+ Kh3 56. Qg5 Kh2 1-0

[Event "GER-ch Youth U10 2020"]
[Site "Willingen"]
[Date "2020.10.28"]
[Round "3.17"]
[White "Pimenov, Danil"]
[Black "Nemitz, Alfred"]
[Result "1-0"]
[ECO "C21"]
[WhiteElo "1235"]
[BlackElo "1287"]
[Annotator "NA"]
[PlyCount "81"]
[EventDate "2020.10.27"]
[EventType "swiss"]
[EventRounds "7"]
[EventCountry "GER"]
[SourceTitle "playchess.com"]
[Source "ChessBase"]
[SourceQuality "1"]
[TimeControl "40/4500+30:900+30"]

1. e4 e5 2. d4 exd4 3. c3 dxc3 4. Bc4 cxb2 5. Bxb2 Bb4+ 6. Kf1 Nf6 7. e5 Be7 8. exf6 Bxf6 9. Bxf6 Qxf6 10. Na3 O-O 11. Nf3 Nc6 12. Rb1 d6 13. Nc2 Rb8 14. Ne3 Be6 15. Bd3 Bxa2 16. Rc1 Be6 17. h4 h6 18. g4 Qf4 19. g5 h5 20. Ne1 Rbc8 21. Qxh5 g6 22. Bxg6 fxg6 23. Qxg6+ Kh8 24. Qh6+ Kg8 25. Qxe6+ Kg7 26. Nd3 Qf3 27. Rh3 Qf7 28. Qh6+ Kg8 29. g6 Qg7 30. Qg5 Qd7 31. Rg3 Rce8 32. h5 Ne5 33. Nf4 Rxf4 34. Qxf4 Rf8 35. Qg5 Qb5+ 36. Kg2 Qe2 37. Qh6 Rxf2+ 38. Kg1 Nf3+ 39. Rxf3 Rxf3 40. Qh7+ Kf8 41. g7+ 1-0

[Event "GER-ch Youth U10 2020"]
[Site "Willingen"]
[Date "2020.10.28"]
[Round "3.19"]
[White "Radeke, Timothy"]
[Black "Sewerinow, Alexander"]
[Result "1-0"]
[ECO "E90"]
[WhiteElo "1143"]
[BlackElo "1202"]
[Annotator "NA"]
[PlyCount "79"]
[EventDate "2020.10.27"]
[EventType "swiss"]
[EventRounds "7"]
[EventCountry "GER"]
[SourceTitle "playchess.com"]
[Source "ChessBase"]
[SourceQuality "1"]
[TimeControl "40/4500+30:900+30"]

1. d4 Nf6 2. c4 g6 3. Nc3 Bg7 4. e4 d6 5. Nf3 O-O 6. Bg5 h6 7. Bh4 Bg4 8. e5 Nfd7 9. exd6 cxd6 10. Be2 Nc6 11. O-O Bxf3 12. Bxf3 Nxd4 13. Nd5 Nxf3+ 14. Qxf3 g5 15. Bg3 Re8 16. Rfe1 e6 17. Ne3 Bxb2 18. Rab1 Bg7 19. Rxb7 e5 20. Nf5 Re6 21. Rxd7 Qxd7 22. Qxa8+ Re8 23. Qf3 Re6 24. Nxg7 Kxg7 25. h3 Rf6 26. Qd5 Qa4 27. c5 Qa5 28. Rd1 dxc5 29. Bxe5 Qb6 30. Qd6 Kg6 31. Bxf6 Qxd6 32. Rxd6 c4 33. Bd4+ Kf5 34. Bxa7 Ke5 35. Rd8 Ke4 36. Kf1 c3 37. Ke1 c2 38. Kd2 f5 39. f3+ Kf4 40. Bb8# 1-0

[Event "GER-ch Youth U10 2020"]
[Site "Willingen"]
[Date "2020.10.28"]
[Round "3.20"]
[White "Ahlers, Quentin"]
[Black "Thümler, Floris"]
[Result "0-1"]
[ECO "B08"]
[WhiteElo "1425"]
[BlackElo "1295"]
[Annotator "NA"]
[PlyCount "76"]
[EventDate "2020.10.27"]
[EventType "swiss"]
[EventRounds "7"]
[EventCountry "GER"]
[SourceTitle "playchess.com"]
[Source "ChessBase"]
[SourceQuality "1"]
[TimeControl "40/4500+30:900+30"]

1. e4 d6 2. d4 Nf6 3. Nc3 g6 4. Nf3 Bg7 5. Bc4 Nxe4 6. Bxf7+ Kxf7 7. Nxe4 Rf8 8. Bf4 Kg8 9. Qd2 Nd7 10. O-O-O Qe8 11. Bh6 e5 12. Bxg7 Kxg7 13. d5 Nf6 14. Nxf6 Rxf6 15. Rhe1 Bg4 16. Qd3 Qf7 17. Re3 Rf8 18. Ng5 Qe7 19. f3 Bf5 20. Ne4 R6f7 21. Rf1 Bxe4 22. Rxe4 Qg5+ 23. Qd2 Qf5 24. b3 Qxe4 25. fxe4 Rxf1+ 26. Kb2 R8f4 27. Qc3 Rf7 28. Qb4 b6 29. Qd2 R1f2 30. Qg5 Re2 31. Qg4 Ref2 32. a3 h5 33. Qg5 Re2 34. h4 Rxe4 35. c4 Rg4 36. Qd8 Rxg2+ 37. Kc3 a5 38. a4 Rf3# 0-1

[Event "GER-ch Youth U10 2020"]
[Site "Willingen"]
[Date "2020.10.28"]
[Round "3.21"]
[White "Schuricht, Emil Frederick"]
[Black "Ehrath, Hendrik"]
[Result "1-0"]
[ECO "D35"]
[WhiteElo "1451"]
[BlackElo "1193"]
[Annotator "NA"]
[PlyCount "153"]
[EventDate "2020.10.27"]
[EventType "swiss"]
[EventRounds "7"]
[EventCountry "GER"]
[SourceTitle "playchess.com"]
[Source "ChessBase"]
[SourceQuality "1"]
[TimeControl "40/4500+30:900+30"]

1. d4 d5 2. c4 e6 3. Nc3 Nf6 4. cxd5 exd5 5. Bg5 Be7 6. e3 O-O 7. Bd3 Nbd7 8. Nge2 c5 9. O-O c4 10. Bc2 b6 11. f3 Bb7 12. Bh4 Bc6 13. Bf2 Re8 14. Ng3 b5 15. e4 dxe4 16. fxe4 Bb4 17. d5 Bb7 18. Nxb5 a6 19. Nd4 Bc5 20. Kh1 Rc8 21. Qd2 Qc7 22. Ndf5 Bxf2 23. Qg5 g6 24. Qh6 gxf5 25. Nxf5 Nh5 26. Qxh5 Nf8 27. Rxf2 Qb6 28. Nh6+ Kh8 29. Nxf7+ Kg8 30. Qg5+ Ng6 31. Nh6+ Kh8 32. Qf6+ Qxf6 33. Rxf6 Kg7 34. Rf7+ Kxh6 35. Rxb7 Rf8 36. Kg1 Nf4 37. g3 Nd3 38. Rf1 Rxf1+ 39. Kxf1 Kg6 40. Bxd3 cxd3 41. Ke1 Rc2 42. Rb3 Rxh2 43. Rxd3 Rxb2 44. d6 Rb8 45. d7 Rd8 46. Kd2 Kf6 47. Kc3 Ke7 48. Kc4 Rxd7 49. Rxd7+ Kxd7 50. Kd5 Kd8 51. Kd6 Ke8 52. g4 h6 53. e5 Kd8 54. e6 Ke8 55. e7 Kf7 56. Kd7 Kg6 57. e8=Q+ Kg5 58. Qh5+ Kf4 59. Ke6 a5 60. Qf5+ Kg3 61. g5 hxg5 62. Qxg5+ Kf3 63. Qh4 Ke3 64. Qg4 Kd3 65. Qf4 Kc3 66. Qa4 Kb2 67. Qxa5 Kc2 68. Qb4 Kd3 69. Kd5 Ke3 70. Qe4+ Kf2 71. Qd3 Kg2 72. Qe3 Kh2 73. Qf3 Kg1 74. Qe2 Kh1 75. Ke4 Kg1 76. Kf3 Kh1 77. Qg2# 1-0

[Event "GER-ch Youth U10 2020"]
[Site "Willingen"]
[Date "2020.10.28"]
[Round "3.22"]
[White "Meng, Yuxuan"]
[Black "Mohammadzadeh, Daris"]
[Result "0-1"]
[ECO "B34"]
[WhiteElo "1515"]
[BlackElo "1311"]
[Annotator "NA"]
[PlyCount "94"]
[EventDate "2020.10.27"]
[EventType "swiss"]
[EventRounds "7"]
[EventCountry "GER"]
[SourceTitle "playchess.com"]
[Source "ChessBase"]
[SourceQuality "1"]
[TimeControl "40/4500+30:900+30"]

1. e4 c5 2. Nf3 Nc6 3. d4 cxd4 4. Nxd4 g6 5. Nc3 Bg7 6. Be3 Nf6 7. f3 O-O 8. Qd2 d5 9. O-O-O Nxd4 10. Bxd4 dxe4 11. fxe4 Qc7 12. h3 Be6 13. Kb1 Qa5 14. a3 Rfd8 15. Qe3 a6 16. Be2 Qc7 17. g4 Bc4 18. Bf3 e5 19. Bb6 Rxd1+ 20. Rxd1 Qc6 21. g5 Nd7 22. Nd5 Bxd5 23. exd5 Qxb6 24. Qxb6 Nxb6 25. d6 Rd8 26. Bxb7 a5 27. Bc6 Nd7 28. c4 Bf8 29. b4 axb4 30. axb4 Nb8 31. Bd5 Rxd6 32. c5 Rd7 33. Kc2 Na6 34. Kb3 Bxc5 35. bxc5 Nxc5+ 36. Kc4 Ne6 37. Re1 Rc7+ 38. Kb4 Nxg5 39. h4 Ne6 40. Rxe5 Nd4 41. Be4 Nc6+ 42. Bxc6 Rxc6 43. Re8+ Kg7 44. Re2 Re6 45. Rh2 Re4+ 46. Kc5 Kh6 47. Kd5 f5 0-1

[Event "GER-ch Youth U10 2020"]
[Site "Willingen"]
[Date "2020.10.28"]
[Round "3.23"]
[White "Huang, Luca Hanson"]
[Black "Hellenbroich, Hanno"]
[Result "1-0"]
[ECO "A45"]
[WhiteElo "1570"]
[BlackElo "1291"]
[Annotator "NA"]
[PlyCount "49"]
[EventDate "2020.10.27"]
[EventType "swiss"]
[EventRounds "7"]
[EventCountry "GER"]
[SourceTitle "playchess.com"]
[Source "ChessBase"]
[SourceQuality "1"]
[TimeControl "40/4500+30:900+30"]

1. d4 Nf6 2. Bf4 g6 3. e3 Bg7 4. Nd2 d6 5. Ngf3 O-O 6. Bd3 Re8 7. Bg5 h6 8. Bxf6 Bxf6 9. c3 Bg7 10. Qc2 Rf8 11. O-O-O c6 12. h4 b5 13. h5 Nd7 14. hxg6 fxg6 15. Bxg6 Nf6 16. Ne4 a5 17. Nxf6+ exf6 18. Nh4 a4 19. Bh7+ Kf7 20. Qg6+ Ke7 21. Qxg7+ Rf7 22. Ng6+ Ke6 23. Bg8 Raa7 24. Nf8+ Kf5 25. Qg6# 1-0

[Event "GER-ch Youth U10 2020"]
[Site "Willingen"]
[Date "2020.10.28"]
[Round "3.24"]
[White "Deiringer, Julius"]
[Black "Kamleiter, Noah"]
[Result "1/2-1/2"]
[ECO "B31"]
[WhiteElo "1332"]
[BlackElo "1573"]
[Annotator "NA"]
[PlyCount "113"]
[EventDate "2020.10.27"]
[EventType "swiss"]
[EventRounds "7"]
[EventCountry "GER"]
[SourceTitle "playchess.com"]
[Source "ChessBase"]
[SourceQuality "1"]
[TimeControl "40/4500+30:900+30"]

1. e4 c5 2. Nf3 Nc6 3. Bb5 g6 4. O-O Bg7 5. c3 d5 6. Bxc6+ bxc6 7. Qa4 Bd7 8. Re1 Nf6 9. d3 O-O 10. Nbd2 e6 11. Qa3 Qb6 12. Ne5 Bc8 13. Nef3 Ba6 14. c4 d4 15. Nb3 Nd7 16. Bf4 e5 17. Bg5 Rfe8 18. Bd2 Bb7 19. Ba5 Qa6 20. Rf1 Rac8 21. Ne1 Kh8 22. f4 f6 23. f5 g5 24. Nc2 Kg8 25. Rf3 h5 26. Raf1 Kf7 27. R3f2 Rh8 28. h3 Rh7 29. g3 Rch8 30. Rh2 g4 31. h4 Bh6 32. Re2 Rb8 33. Ra1 Rhh8 34. Rb1 Rhc8 35. Kg2 Bf8 36. Kh2 Be7 37. Kh1 Bf8 38. Ra1 Be7 39. Rf2 Bf8 40. Rff1 Bh6 41. Rfe1 Bf8 42. Kh2 Be7 43. Re2 Bf8 44. Rh1 Bh6 45. Rhe1 Bf8 46. Rf1 Bh6 47. Qa4 Bf8 48. Qa3 Bh6 49. Ra1 Bf8 50. Qa4 Bh6 51. Rd1 Bf8 52. Ne1 Bh6 53. Ng2 Bf8 54. Qa3 Be7 55. Kh1 Bf8 56. Nd2 Ba8 57. Nb3 1/2-1/2

[Event "GER-ch Youth U10 2020"]
[Site "Willingen"]
[Date "2020.10.28"]
[Round "3.25"]
[White "Herrmann, Arthur"]
[Black "Bock, Leonas"]
[Result "1-0"]
[ECO "C41"]
[WhiteElo "1151"]
[BlackElo "1301"]
[Annotator "NA"]
[PlyCount "91"]
[EventDate "2020.10.27"]
[EventType "swiss"]
[EventRounds "7"]
[EventCountry "GER"]
[SourceTitle "playchess.com"]
[Source "ChessBase"]
[SourceQuality "1"]
[TimeControl "40/4500+30:900+30"]

1. e4 d6 2. d4 Nf6 3. Nc3 e5 4. Nf3 Nbd7 5. Bc4 Be7 6. O-O c6 7. Re1 Qc7 8. Bg5 h6 9. Bh4 O-O 10. Qd2 Re8 11. a3 b5 12. Ba2 Bf8 13. Rad1 Bb7 14. Bg3 Rad8 15. Qc1 Qb6 16. Kh1 Kh8 17. Bxf7 Re7 18. Ba2 a5 19. b4 a4 20. dxe5 dxe5 21. Nh4 Kh7 22. Nf5 Ng4 23. Nxe7 Bxe7 24. Re2 Bg5 25. Qb2 Bf4 26. Rf1 Bxg3 27. hxg3 Rf8 28. f3 h5 29. Be6 Bc8 30. Qc1 Ngf6 31. Qe3 Qd8 32. Rd1 Qe8 33. Bf5+ g6 34. Bh3 Rg8 35. Rd6 Bb7 36. Red2 Rg7 37. R2d3 g5 38. Bf5+ Kh8 39. Qd2 Bc8 40. Rxc6 Kg8 41. Nxb5 Bb7 42. Rcd6 Bc8 43. Nc7 Qe7 44. Nb5 Qe8 45. Na7 Bb7 46. Bxd7 1-0

[Event "GER-ch Youth U10 2020"]
[Site "Willingen"]
[Date "2020.10.28"]
[Round "3.26"]
[White "Theviot, Luca"]
[Black "Allen, Phillipp"]
[Result "1-0"]
[ECO "A30"]
[WhiteElo "1423"]
[BlackElo "1250"]
[Annotator "NA"]
[PlyCount "101"]
[EventDate "2020.10.27"]
[EventType "swiss"]
[EventRounds "7"]
[EventCountry "GER"]
[SourceTitle "playchess.com"]
[Source "ChessBase"]
[SourceQuality "1"]
[TimeControl "40/4500+30:900+30"]

1. c4 c5 2. g3 d6 3. Bg2 Nf6 4. Nc3 g6 5. e4 Nc6 6. d3 Bg7 7. Nge2 e5 8. O-O O-O 9. f4 Re8 10. f5 Rf8 11. h3 a6 12. g4 Nd7 13. g5 Nb6 14. f6 Bh8 15. Ng3 Bd7 16. h4 Qc8 17. h5 Bg4 18. Bf3 Bxf3 19. Qxf3 Nd4 20. Qf2 Qh3 21. Qg2 Qxg2+ 22. Kxg2 Rfc8 23. a4 Nc2 24. Rb1 a5 25. Rf2 Nb4 26. Rf3 Kf8 27. hxg6 hxg6 28. Bd2 Ke8 29. Rh1 Kd7 30. b3 Ke6 31. Nd5 Nd7 32. Rxh8 Nb6 33. Rxc8 Nxc8 34. Nc7+ Kd7 35. Nxa8 Kc6 36. Bxb4 cxb4 37. Rf1 b6 38. Rh1 Kb7 39. Nxb6 Kxb6 40. Rh7 d5 41. exd5 Nd6 42. Ne4 Kc7 43. Nxd6 Kxd6 44. Rxf7 e4 45. dxe4 Ke5 46. Re7+ Kd4 47. f7 Kc3 48. f8=Q Kxb3 49. Qf3+ Kxa4 50. Rb7 b3 51. Qxb3# 1-0

[Event "GER-ch Youth U10 2020"]
[Site "Willingen"]
[Date "2020.10.28"]
[Round "3.27"]
[White "Peters, Lasse"]
[Black "Conrad, Marius"]
[Result "0-1"]
[ECO "C44"]
[WhiteElo "1223"]
[BlackElo "1645"]
[Annotator "NA"]
[PlyCount "116"]
[EventDate "2020.10.27"]
[EventType "swiss"]
[EventRounds "7"]
[EventCountry "GER"]
[SourceTitle "playchess.com"]
[Source "ChessBase"]
[SourceQuality "1"]
[TimeControl "40/4500+30:900+30"]

1. e4 e5 2. Nf3 Nc6 3. d4 exd4 4. Nxd4 Bb4+ 5. c3 Bc5 6. Be3 Bb6 7. Bb5 Nge7 8. O-O O-O 9. Na3 d5 10. Nxc6 bxc6 11. Bd3 Bxe3 12. fxe3 Rb8 13. Qc2 h6 14. Rf2 Ng6 15. Raf1 Ne5 16. Be2 Qg5 17. c4 dxe4 18. Qxe4 Rxb2 19. h4 Qe7 20. Bd3 f5 21. Qd4 Rxf2 22. Rxf2 Qxa3 23. Qxe5 Qxd3 24. Qxc7 Qxe3 25. Qxc6 Rd8 26. Qf3 Qxf3 27. Rxf3 Rd4 28. Re3 Kh7 29. c5 Rxh4 30. Re8 Bd7 31. Re7 Rd4 32. Kf2 Kg8 33. Ke3 Re4+ 34. Rxe4 fxe4 35. Kxe4 Bc6+ 36. Ke5 Bxg2 37. Kd6 Kf7 38. c6 Bxc6 39. Kxc6 h5 40. Kd5 Kf6 41. Ke4 g5 42. Kf3 Kf5 43. a4 a5 44. Kg3 g4 45. Kh4 Kf4 46. Kxh5 g3 47. Kg6 g2 48. Kf6 g1=Q 49. Ke6 Qd4 50. Kf7 Qxa4 51. Ke6 Qc4+ 52. Kd6 a4 53. Ke7 a3 54. Kd6 a2 55. Ke7 Qc6 56. Kf7 a1=Q 57. Kg8 Qa7 58. Kf8 Qc8# 0-1

[Event "GER-ch Youth U10 2020"]
[Site "Willingen"]
[Date "2020.10.28"]
[Round "3.28"]
[White "Yin, Vito"]
[Black "Mündörfer, Sebastian"]
[Result "0-1"]
[ECO "B35"]
[WhiteElo "1320"]
[BlackElo "1175"]
[Annotator "NA"]
[PlyCount "90"]
[EventDate "2020.10.27"]
[EventType "swiss"]
[EventRounds "7"]
[EventCountry "GER"]
[SourceTitle "playchess.com"]
[Source "ChessBase"]
[SourceQuality "1"]
[TimeControl "40/4500+30:900+30"]

1. e4 c5 2. Nf3 g6 3. d4 cxd4 4. Nxd4 Nc6 5. Nc3 Bg7 6. Be3 Nf6 7. Bc4 Qa5 8. O-O O-O 9. Bb3 d6 10. f3 Nxd4 11. Qxd4 Ng4 12. Qd2 Nxe3 13. Qxe3 Be6 14. Qd3 Rac8 15. Nd1 Bxb3 16. axb3 Qc5+ 17. Kh1 Qxc2 18. Qxc2 Rxc2 19. Rxa7 Rb8 20. Ra2 Rbc8 21. h3 Re2 22. b4 h5 23. Ra7 Rcc2 24. Rxb7 Bd4 25. Rg1 Bxg1 26. Kxg1 Re1+ 27. Kh2 Rxd1 28. Kg3 Rdd2 29. Rxe7 Rxb2 30. b5 g5 31. f4 Rxg2+ 32. Kf3 Rbf2+ 33. Ke3 gxf4+ 34. Kd4 Rb2 35. Rb7 f3 36. Kd5 f2 37. Rb8+ Kg7 38. b6 f1=Q 39. b7 Rxb7 40. Rxb7 Qd1+ 41. Kc6 Qa4+ 42. Kc7 Rc2+ 43. Kd8 Qc6 44. Rd7 Qc8+ 45. Ke7 Qf8# 0-1